 Dungeon Crawl Stone Soup version 0.30.0-20-g3615ddf2f0 (webtiles) character file.

Game seed: 15682717261780473871

49 qw the Chopper (level 3, 0/23 HPs)
             Began as a Gargoyle Fighter on June 1, 2023.
             Slain by an adder (1 damage)
             ... on level 1 of the Dungeon.
             The game lasted 00:00:20 (908 turns).

qw the Chopper (Gargoyle Fighter)                    Turns: 908, Time: 00:00:21

Health: 0/23       AC: 14    Str: 21    XL:     3   Next: 75%
Magic:  3/3        EV:  5    Int:  8    God:
Gold:   38         SH:  4    Dex:  9    Spells: 2/2 levels left

rFire   . . .        Y - +0 war axe
rCold   . . .        c - +0 buckler
rNeg    + . .        g - +0 plate armour
rPois   inf          (no helmet)
rElec   +            (no cloak)
rCorr   .            (no gloves)
SInv    .            (no boots)
Will    .....        (no amulet) Stlth
                     (no ring)
HPRegen 0.23/turn    (no ring)
MPRegen 0.08/turn

%: no passive effects
@: no status effects
A: sickness immunity, AC +3, negative energy resistance 1, electricity
resistance, torment resistance 1, petrification resistance
a: no special abilities


You were on level 1 of the Dungeon.
You visited 1 branch of the dungeon, and saw 2 of its levels.

You collected 38 gold pieces.


Innate Abilities, Weirdness & Mutations

You are immune to sickness and miasma.
Your stone body is resilient. (AC +3)
You are immune to poison.
You resist negative energy. (rN+)
You are resistant to electric shocks. (rElec)
You are resistant to unholy torment.
You are immune to petrification.


   Skills:
 - Level 3.2 Fighting
 + Level 3.3 Axes
 - Level 1.0 Throwing
 - Level 3.2 Armour
 - Level 3.2 Shields


You had 2 spell levels left.
You didn't know any spells.
Your spell library was empty.

Inventory:

Hand Weapons
 f - a +0 club
 Y - a +0 war axe (weapon)
Missiles
 h - 6 javelins (quivered)
Armour
 c - a +0 buckler (worn)
 g - a +0 plate armour (worn)
Potions
 d - a potion of might
 e - a potion of flight {unknown}
 j - a potion of haste {unknown}
 k - a potion of degeneration {unknown}
 m - a potion of brilliance {unknown}
 o - a potion of magic {unknown}

Dungeon Overview and Level Annotations

Branches:
Dungeon (2/15)

Altars:


Message History

The hobgoblin hits you but does no damage.
902 ||| STAIRDANCE The adder bites you but does no damage.
The adder barely misses you. The adder bites you but does no damage.
The worm bites you. The kobold hits you but does no damage.
The hobgoblin completely misses you.
You climb upwards.
There is a stone staircase leading down here.
Enter note:
Enter note:
Enter note:
Enter note:
Enter note: You slash the adder!
The adder is almost dead.
You hit the hobgoblin. You barely miss the adder. You slash the worm!
The adder bites you but does no damage. x3
The hobgoblin hits you but does no damage.
The adder bites you but does no damage. The worm bites you.
You hit the adder.
You kill the adder!
You hit the adder but do no damage. You barely miss the worm.
You hit the hobgoblin.
You kill the hobgoblin!
The adder bites you but does no damage. The adder bites you.
The adder bites you but does no damage. The worm bites you.
You slash the worm!
You kill the worm!
You completely miss the adder. You hit the adder. The adder bites you.
The adder barely misses you. The adder bites you but does no damage.
The kobold hits you but does no damage.
You miss the adder.
The adder is lightly wounded.
You miss the adder. You closely miss the kobold.
The adder bites you but does no damage. x3; You block the kobold's attack.
You barely miss the adder.
The adder is lightly wounded.
You hit the adder but do no damage. You hit the kobold.
You kill the kobold!
The adder bites you.
You die...

##....#........#.##..# ### #.#
##.............#.##..###########
##....#.#####.#..............#
......#.#####....##..#########
##...................#
..............#..##..#
......#.########.##..#
##.####.########S##..#
#.####.#......S@%...#
#......#.######)##..######
#........######.##.......###
########.#.................#
#.####.#.########.#.# #.# #...#
#.#.# #.####.### #.#.# #......#
#.#.# #.###### #.#.#


You could see 2 adders.

Vanquished Creatures
  An adder (D:1)
  A worm (D:1)
  5 bats (D:1)
  5 endoplasms
  7 goblins
  2 hobgoblins (D:1)
  6 jackals
  4 kobolds (D:1)
  A ball python (D:2)
  A frilled lizard (D:1)
  A rat (D:2)
34 creatures vanquished.

Notes
Turn   | Place    | Note
-------+----------+-------------------------------------------
     0 | D:1      | qw the Gargoyle Fighter began the quest for the Orb.
     0 | D:1      | Reached XP level 1. HP: 14/14 MP: 1/1
     0 | D:1      | 0 ||| qw: Version: 0.2-a-102-gfc559e5
     0 | D:1      | 0 ||| qw: Game counter: 659
     0 | D:1      | 0 ||| qw: Always use a shield: true
     0 | D:1      | 0 ||| qw: God list: Okawaru
     0 | D:1      | 0 ||| qw: Allow faded altars: false
     0 | D:1      | 0 ||| qw: Do Orc after D:15 true
     0 | D:1      | 0 ||| qw: Do second Lair branch before Depths: true
     0 | D:1      | 0 ||| qw: Lair rune preference: random
     0 | D:1      | 0 ||| qw: Plans: Normal, Zot:1-4, Slime:5, God:TSO, Crypt,
                  | Tomb, Pan, Hells, Abyss, Win
     0 | D:1      | 0 ||| PLANNING D:1-11
    52 | D:1      | 52 ||| Stepping ~*~*~tactically~*~*~ (stealth).
    58 | D:1      | HP: 1/14 [goblin/+0 club (4)]
    62 | D:1      | Reached XP level 2. HP: 3/19 MP: 2/2
   331 | D:1      | 331 ||| Stepping ~*~*~tactically~*~*~ (stealth).
   344 | D:1      | 344 ||| Stepping ~*~*~tactically~*~*~ (stealth).
   353 | D:1      | Reached skill level 3 in Axes
   365 | D:1      | Reached XP level 3. HP: 23/23 MP: 3/3
   484 | D:1      | 484 ||| Stepping ~*~*~tactically~*~*~ (hiding).
   860 | D:1      | 860 ||| UPGRADING to +0 plate armour.
   870 | D:1      | 870 ||| DROPPING +0 scale mail.
   871 | D:1      | 871 ||| DROPPING orb of energy.
   872 | D:1      | 872 ||| READING scroll labelled CUAMUN ALEEJI.
   873 | D:1      | 873 ||| READING scroll labelled RUSCHU ONEIMUSU.
   898 | D:2      | Reached skill level 1 in Throwing
   902 | D:2      | 902 ||| STAIRDANCE
   905 | D:1      | HP: 5/23 [adder (2)]
   905 | D:1      | HP: 1/23 [worm (4)]
   908 | D:1      | Slain by an adder

Levels and vault maps discovered:
D:1:      dpeg_arrival_radiant, layout_basic
D:2:      layout_rooms, minmay_tetromino_l4, uniq_natasha

Skill      XL: |  1  2  3 |
---------------+----------+-----
Axes           | 2 3 |  3.3
Throwing       | 1 |  1.0
Fighting       | |  3.2
Armour         | |  3.2
Shields        | |  3.2

Action                     || total
---------------------------++-------
  Melee: War axe           ||    45
  Throw: Javelin           ||     9
    Use: Scroll            ||     2
 Armour: Scale mail        ||     9
         Plate armour      ||    46
  Dodge: Dodged            ||    27
  Block: Buckler           ||    22

Table legend:
 A = Non-vault XP
 B = Vault XP
 C = Vault XP percentage of total XP
 D = Non-vault monster count
 E = Vault monster count
 F = Vault count percentage of total count
                 A         B        C        D         E       F
            +---------+---------+-------+---------+---------+-------
      Total |      58 |      13 |  18.3 |      33 |       1 |   2.9
            +---------+---------+-------+---------+---------+-------
        D:1 |      44 |      13 |  22.8 |      25 |       1 |   3.8
        D:2 |      14 |       0 |   0.0 |       8 |       0 |   0.0
            +---------+---------+-------+---------+---------+-------
